 Dungeon Crawl Stone Soup version 0.29.1-15-g9cfb28693d (webtiles) character file.

Game seed: 5175579904923405059

2286 ChrisAssaf the Shooter (level 9, -1/53 HPs)
             Began as a Djinni Fire Elementalist on Apr 28, 2023.
             Was a Priest of Hepliaklqana.
             Slain by a gnoll sergeant
             ... wielding a +0 spear
              (8 damage)
             ... on level 8 of the Dungeon.
             The game lasted 00:28:03 (8715 turns).

ChrisAssaf the Shooter (Djinni Fire Elementalist)   Turns: 8715, Time: 00:28:07

Health: -1/53      AC:  7    Str: 11    XL:     9   Next: 66%
Gold:   83         EV: 13    Int: 17    God:    Hepliaklqana [***...] SH:  0 Dex: 14

rFire   + + .      SeeInvis .   F - +3 hand crossbow (freeze)
rCold   . . .      Faith    .   (no shield)
rNeg    . . .      Spirit   .   c - +2 robe {rC+}
rPois   ∞          Reflect  .   (no helmet)
rElec   .          Harm     .   w - scarf {+Inv}
rCorr   .          Rampage  .   h - +2 pair of gloves
Will    .....                   (boots unavailable)
Stlth   ++........              (no amulet)
HPRegen 0.17/turn               (no ring)
MPRegen 0.00/turn               (no ring)

@: flying, very slightly contaminated
A: reduced essence, sickness immunity, fire resistance 2, cold vulnerability 1,
float, innate caster, HP casting, extra vitality 1
a: Renounce Religion, Evoke Invisibility, Recall Ancestor, Ancestor Identity,
Transference


You were on level 8 of the Dungeon.
You worshipped Hepliaklqana.
Hepliaklqana was most pleased with you.
You visited 1 branch of the dungeon, and saw 8 of its levels.
You also visited: Ossuary.

You collected 339 gold pieces.
You spent 256 gold pieces at shops.

Inventory:

Hand Weapons
 q - a +0 sling
 F - a +3 hand crossbow of freezing (weapon)
Missiles
 g - 4 atropa-tipped darts
 s - 3 boomerangs
 u - a throwing net
 y - 9 poisoned darts
Armour
 a - a +2 robe
 c - a +2 robe of cold resistance (worn)
 h - a +2 pair of gloves (worn)
 w - a scarf of invisibility (worn)
Jewellery
 k - a ring of fire
 v - a +4 ring of evasion
 z - a ring of willpower
 K - an amulet of faith
Wands
 o - a wand of flame (21)
 C - a wand of polymorph (9)
 I - a wand of paralysis (7)
Scrolls
 b - 3 scrolls of magic mapping
 j - a scroll of noise
 n - a scroll of torment
 p - 3 scrolls of blinking
 r - a scroll of fog
 x - 9 scrolls of teleportation {unknown}
 D - a scroll of fear
 H - 2 scrolls of poison
Potions
 d - 3 potions of ambrosia {unknown}
 e - 3 potions of lignification {unknown}
 f - 3 potions of heal wounds {unknown}
 i - 3 potions of might {unknown}
 l - a potion of flight {unknown}
 m - 3 potions of attraction {unknown}
 t - a potion of mutation {unknown}
 A - 2 potions of brilliance {unknown}
 B - 3 potions of haste {unknown}
 G - 3 potions of degeneration {unknown}


   Skills:
 * Level 2.7 Fighting
 * Level 5.0 Ranged Weapons
 * Level 2.2 Throwing
 * Level 2.9 Armour
 * Level 4.3 Dodging
 * Level 3.2 Stealth
 * Level 2.9 Unarmed Combat
 * Level 4.8 Spellcasting
 * Level 2.6 Invocations
 * Level 2.8 Evocations


You couldn't memorise any spells.
You knew the following spells:

 Your Spells              Type           Power      Damage    Failure   Level
a - Foxfire               Conj/Fire      80%        2x1d8     1%          1
b - Scorch                Fire           40%        2d7       3%          2
c - Conjure Flame         Conj/Fire      20%        6-21      6%          3
d - Inner Flame           Hex/Fire       20%        N/A       6%          3
e - Flame Wave            Conj/Fire      20%        2d7       21%         4
f - Beastly Appendage     Tmut           40%        N/A       1%          1
g - Static Discharge      Conj/Air       20%        3-6/arc   3%          2
h - Spider Form           Tmut/Pois      20%        N/A       6%          3
i - Ozocubu's Armour      Ice            20%        N/A       6%          3
Your spell library was empty.

Dungeon Overview and Level Annotations

Branches:
Dungeon (8/15)             Temple (0/1) D:6         Ossuary (visited)
   Lair: D:8-11

Altars:
Ashenzari
Cheibriados
Dithmenos
Gozag
Hepliaklqana
Nemelex Xobeh
Qazlal
Trog
Xom
Yredelemnul

Shops:
D:7 (

Annotations:
D:3 Grinder


Innate Abilities, Weirdness & Mutations

Your life essence is reduced to manifest your ancestor. (-10% HP)
You are immune to sickness and miasma.
You are immune to poison.
Your flesh is very heat resistant. (rF++)
You are vulnerable to cold. (rC-)
You float through the air rather than walking.
You learn spells naturally, not from books.
Your magical power is your life essence.
You have superior vitality. (+4 MHP)


Message History

The gnoll sergeant blocks Hannibal's attack.
The gnoll sergeant hits you from afar with a +0 spear.
Hannibal gestures at the gnoll sergeant while chanting.
The gnoll sergeant blocks the stone arrow.
You swap places.
The gnoll hits you with a +0 halberd.
The gnoll sergeant hits you with a +0 spear!
Casting: Inner Flame (dangerous; 6% risk of failure)
Confirm with . or Enter, or press ? or * to list all spells.
Aiming: Inner Flame (dangerous; 6% risk of failure)
Press: ? - help, Dir - move target, f/p - gnoll sergeant
Aim: a gnoll sergeant, wielding a +0 spear, wearing a +0 scale mail and wearing a +0 kite shield (ally target, chance to affect: 75%)
Okay, then.
Casting: Inner Flame (dangerous; 6% risk of failure)
Confirm with . or Enter, or press ? or * to list all spells.
The spell is quite dangerous to miscast (21% risk of failure)!
Continue anyway?
Casting: Flame Wave (quite dangerous; 21% risk of failure)
Press: ? - help, Dir - look around, f - activate A wave of flame ripples out!
The flame wave engulfs the gnoll!
The gnoll is heavily wounded.
Hannibal avoids your attack.
The flame wave engulfs the gnoll sergeant.
The gnoll sergeant is lightly wounded. (Press . to intensify the flame waves.)
The gnoll hits you with a +0 halberd!
* * * LOW HITPOINT WARNING * * *
The gnoll sergeant barely misses you. The gnoll barely misses you.
A wave of flame ripples out!
Hannibal avoids your attack.
The flame wave engulfs the gnoll!
You kill the gnoll!
The flame wave engulfs the gnoll sergeant!
The gnoll sergeant is heavily wounded.
The flame wave engulfs the gnoll.
The gnoll is lightly wounded.
* * * LOW HITPOINT WARNING * * *
You hear a shout! x2
Something shouts, "Scamper away, thou churlish rude-growing pustule!"
The gnoll hits you from afar with a +0 halberd.
* * * LOW HITPOINT WARNING * * *
The gnoll sergeant hits you with a +0 spear!
You die...

**,,,*********** #..#.##.## *,
*,,,,,** *,,,* #..#.##.# *,
,,,,,,,* *,_,* #.......# *,
,,,,,,,* *,,,* ##.#.#### **
,,,,,,,* ###+####.......########
*,,,,,*** #.......#[[...........#
,,,,,,,,* #..8....[)######.#.##.#
,,,,,,,,* #.....R.#.#....#.#.#*,*
,,,*,,,,* ###..#@##.#..###...#*,*
,+**,,,,****#...)g..#........#*,*
,,,,,,,,*#....)#g.#.#..###.###*,*
,,,,**,,*#.....#....#..(.#.# *,*
,_,,,,,,*#.......##.######.#***,*
,,,,**,,...$...####..,,,,..#,,,,,
,,,,**,,.......****,..,,,.##,**,*
*,****,,*####,,,,,,,###**#**,*,,*
*,***,,,* **,****** *,*,**


You could see the friendly Hannibal the battlemage, a gnoll sergeant (ally
target) and a gnoll.

Vanquished Creatures
  A water moccasin (D:6)
  An ogre (D:5)
  A bullfrog (D:7)
  Blork the orc (D:4)
  2 water moccasin zombies (Ossuary)
  A wight (D:8)
  A centaur zombie (Ossuary)
  3 orc priests
  2 bullfrog zombies (Ossuary)
  A gnoll bouda (D:7)
  2 iguanas (D:4)
  8 mummies (Ossuary)
  2 orc wizards (D:3)
  A killer bee zombie (Ossuary)
  2 howler monkey zombies (Ossuary)
  6 gnolls
  3 adders
  2 ufetubi
  2 worms
  3 dart slugs
  29 orcs
  3 bats
  3 endoplasms
  2 giant cockroaches
  6 goblins
  3 hobgoblins
  A kobold (D:1)
  2 quokkas
  5 ball pythons
  A quokka zombie (D:8)
  2 rats (D:1)
102 creatures vanquished.

Vanquished Creatures (collateral kills)
  2 sky beasts (D:6)
  2 wights (D:8)
  3 bullfrog zombies (Ossuary)
  A jelly (D:6)
  A hound (D:5)
  2 orc priests (D:4)
  3 iguanas
  5 orc wizards
  12 mummies (Ossuary)
  3 howler monkey zombies (Ossuary)
  4 gnolls
  3 adders
  A dart slug (D:4)
  10 orcs
  2 endoplasms
  A goblin (D:4)
  2 quokkas
  A goblin zombie (D:8)
58 creatures vanquished.

Vanquished Creatures (others)
  An ancestor (D:3)
  27 foxfires
  5 withered plants (Ossuary)
33 creatures vanquished.

Grand Total: 193 creatures vanquished

Notes
Turn   | Place    | Note
-------+----------+-------------------------------------------
     0 | D:1      | ChrisAssaf the Djinni Fire Elementalist began the quest for
                  | the Orb.
     0 | D:1      | ChrisAssaf set off with the following spells memorised:
                  | Foxfire, Scorch, Conjure Flame, Inner Flame, Flame Wave.
     0 | D:1      | Reached XP level 1. HP: 15/15 MP: 0/0
   385 | D:1      | Found a hazy altar of Hepliaklqana.
   391 | D:1      | Became a worshipper of Hepliaklqana the Forgotten
   465 | D:1      | Reached XP level 2. HP: 17/21 MP: 0/0
  1572 | D:2      | Reached XP level 3. HP: 23/25 MP: 0/0
  1572 | D:2      | Learned a level 1 spell: Beastly Appendage
  1812 | D:2      | Reached * piety under Hepliaklqana
  2344 | D:3      | Noticed Grinder
  2919 | D:3      | Reached XP level 4. HP: 22/27 MP: 0/0
  2973 | D:4      | Reached XP level 5. HP: 6/32 MP: 0/0
  2973 | D:4      | Learned a level 2 spell: Static Discharge
  3329 | D:4      | Reached skill level 1 in Ranged Weapons
  3697 | D:3      | Reached skill level 1 in Armour
  3697 | D:3      | Reached XP level 6. HP: 33/36 MP: 0/0
  3709 | D:3      | Reached skill level 1 in Unarmed Combat
  4161 | D:4      | Reached skill level 1 in Fighting
  4161 | D:4      | Reached skill level 1 in Evocations
  4235 | D:4      | Reached skill level 1 in Invocations
  4617 | D:4      | Noticed Blork the orc
  4624 | D:4      | Killed Blork the orc
  4625 | D:4      | Reached XP level 7. HP: 31/42 MP: 0/0
  4625 | D:4      | Learned a level 3 spell: Spider Form
  4752 | D:4      | Reached skill level 1 in Throwing
  4763 | D:4      | Reached skill level 2 in Ranged Weapons
  5055 | D:4      | Reached ** piety under Hepliaklqana
  5057 | D:4      | Remembered your ancestor Hannibal as a battlemage
  5471 | D:5      | Entered Level 5 of the Dungeon
  6134 | D:6      | Reached XP level 8. HP: 24/47 MP: 0/0
  6221 | D:6      | Reached skill level 3 in Ranged Weapons
  6464 | D:6      | Found a basalt altar of Yredelemnul.
  6465 | D:6      | Found a sparkling altar of Nemelex Xobeh.
  6803 | D:6      | Found a staircase to the Ecumenical Temple.
  7244 | D:7      | Found an opulent altar of Gozag.
  7244 | D:7      | Found a shadowy altar of Dithmenos.
  7263 | D:7      | Reached skill level 4 in Ranged Weapons
  7286 | D:7      | Found a shimmering altar of Xom.
  7295 | D:7      | Found a snail-covered altar of Cheibriados.
  7368 | D:7      | Found a stormy altar of Qazlal.
  7372 | D:7      | Found a bloodstained altar of Trog.
  7373 | D:7      | Found a broken altar of Ashenzari.
  7390 | D:7      | Reached *** piety under Hepliaklqana
  7668 | D:7      | Found Dodwaj's Hydra Hut.
  7692 | D:7      | Noticed a seven-headed hydra
  7699 | D:7      | Bought a +2 hand crossbow of freezing for 256 gold pieces
  7774 | D:8      | Reached XP level 9. HP: 14/53 MP: 0/0
  7774 | D:8      | Learned a level 3 spell: Ozocubu's Armour
  7784 | D:8      | Found a sand-covered staircase.
  7792 | Ossuary  | Entered an ossuary
  8285 | Ossuary  | Reached skill level 5 in Ranged Weapons
  8715 | D:8      | Slain by a gnoll sergeant

Illustrated notes

Levels and vault maps discovered:
D:1:      sevenhm_arrival_forest_fort_small_6, layout_loops_corners
D:2:      layout_loops_ring
D:3:      layout_basic, uniq_grinder
D:4:      layout_basic, uniq_blork_the_orc
D:5:      layout_basic, minmay_misc_feat_square
D:6:      layout_loops_ring, gammafunk_temple_overflow_claw, temple_hall
D:7:      layout_cave_pools, nicolae_overflow_hallway_of_the_gods,
          doesnt_shop_hydraphobe
D:8:      minmay_four_partial_circles, layout_loops_cross,
          nicolae_tso_besieged_by_evil, gammafunk_ghost_abyssal_escape,
          enter_ossuary_4, palyth_stone_intersect, david_defended_altar_orc

Skill      XL: |  1  2  3  4  5  6  7  8  9 |
---------------+----------------------------+-----
Spellcasting   | 3 4 |  4.8
Ranged Weapons | 1 2 4 5 |  5.0
Armour         | 1 2 |  2.9
Stealth        | 2 3 |  3.2
Dodging        | 3 4 |  4.3
Unarmed Combat | 1 2 |  2.9
Fighting       | 1 2 |  2.7
Evocations     | 1 2 |  2.8
Invocations    | 1 2 |  2.6
Throwing       | 1 2 |  2.2

Action                   |  1- 3 |  4- 6 |  7- 9 || total
-------------------------+-------+-------+-------++-------
Melee: Unarmed           |    10 |       |     4 ||    14
       Headbutt          |     3 |       |       ||     3
       Punch             |     1 |       |       ||     1
 Fire: Sling             |    12 |    49 |    83 ||   144
       Hand crossbow     |       |       |    33 ||    33
 Cast: Foxfire           |    12 |       |     3 ||    15
       Scorch            |    18 |    28 |    26 ||    72
       Conjure Flame     |     3 |       |       ||     3
       Beastly Appendage |     1 |       |       ||     1
       Inner Flame       |       |     5 |     5 ||    10
       Static Discharge  |       |     8 |    11 ||    19
       Spider Form       |       |       |     2 ||     2
       Flame Wave        |       |       |     4 ||     4
Invok: Recall Ancestor   |     3 |       |     2 ||     5
       Ancestor Identity |     1 |       |       ||     1
       Ancestor Life: Ba |       |       |     1 ||     1
Evoke: Wand              |       |     2 |     2 ||     4
  Use: Scroll            |     3 |     1 |     9 ||    13
       Potion            |       |     2 |     2 ||     4
Armor: Robe              |    17 |     5 |    15 ||    37
Dodge: Dodged            |    20 |    28 |    33 ||    81
